AoeStats
← LyM. El Arquitecto

Arabia

508984829Analyzed
1v1 RM · 7d ago on Sep 24, 2026· 38m 50s· 2 players
Game mode
Random Map
Map size
Tiny (2 player)
Population
200
Speed
Normal
Resources
Standard
Victory
Conquest
Starting age
Dark Age
Ending age
Imperial Age
RankedLock teamsTeams togetherTeam positionsShared explorationLock speedFull tech treeHidden civsTurbo modeCheats
Victory
Defeat
🇦🇷 Wei · Argentina
1021
+17
🇧🇷 Vietnamese · Brazil
1040
-17
LyM. El Arquitecto
0:27 Loom
11:27 Feudal Age
14:35 Double-Bit Axe
15:37 Wheelbarrow
15:02 Gold Mining
15:21 Horse Collar
20:35 Castle Age
19:34 Forging
19:29 Scale Barding Armor
19:22 Stone Mining
20:14 Bloodlines
24:40 Elite Skirmisher
25:28 Husbandry
25:21 Town Watch
28:58 Chain Barding Armor
29:52 Hand Cart
30:12 Fletching
33:38 Iron Casting
33:00 Bodkin Arrow
35:21 Town Patrol
37:08 Gold Shaft Mining
36:45 Bow Saw
36:49 Padded Archer Armor
37:11 Ballistics
novasky
7:37 Loom
10:51 Feudal Age
12:05 Double-Bit Axe
17:00 Castle Age
16:33 Gold Mining
18:17 Bow Saw
19:02 Crossbowman
19:44 Horse Collar
20:59 Thumb Ring
23:09 Fletching
27:14 Ballistics
28:22 Bodkin Arrow
28:56 Heavy Plow
31:21 Padded Archer Armor
32:39 Wheelbarrow
31:50 Town Watch
38:24 Imperial Age
37:02 Forging
Connection lost

Rejoining the realm…

Still unreachable

The connection could not be restored.

Session expired

The server has moved on; the page needs a fresh start.